 Dungeon Crawl Stone Soup version 0.30-a0-305-g026cb31310 (webtiles) character file.

Game seed: 14590829705749956928

784 Sobieck the Cutter (level 8, -2/28 (48) HPs)
             Began as a Kobold Gladiator on Oct 21, 2022.
             Slain by Duvessa
             ... wielding a +0 rapier of draining
              (4 damage)
             ... on level 4 of the Dungeon.
             The game lasted 00:08:14 (4186 turns).

Sobieck the Cutter (Kobold Gladiator)               Turns: 4186, Time: 00:08:14

HP:   -2/28 (48)    AC:  9    Str: 12    XL:     8   Next: 11%
MP:   8/8           EV: 16    Int:  9    God:
Gold: 148           SH:  0    Dex: 18    Spells: 7/7 levels left

rFire   . . .      SeeInvis .    a - +1 rapier {short}
rCold   . . .      Faith    .    (no shield)
rNeg    . . .      Spirit   .    b - +0 leather armour
rPois   .          Reflect  .    c - +0 helmet
rElec   .          Harm     .    (no cloak)
rCorr   .          Rampage  .    u - +0 pair of gloves
Will    +....                    (no boots)
Stlth   ++++......               (no amulet)
HPRegen 0.24/turn                g - ring of willpower
MPRegen 0.11/turn                L - +4 ring of protection

@: very heavily drained
A: small, no large weapons, nightstalker 3
a: no special abilities


You were on level 4 of the Dungeon.
You visited 1 branch of the dungeon, and saw 5 of its levels.

You collected 148 gold pieces.


Innate Abilities, Weirdness & Mutations

You are small and have problems with some larger weapons.
You are completely attuned to the shadows.


   Skills:
 + Level 3.7 Fighting
 + Level 7.9 Short Blades
 - Level 3.0 Throwing
 - Level 1.0 Armour
 + Level 5.0 Dodging
 + Level 6.5 Stealth


You had 7 spell levels left.
You didn't know any spells.
Your spell library contained the following spells:

 Spells                   Type           Power      Damage    Failure   Level
 Inner Flame              Hex/Fire       0%         N/A       83%         3
 Kindle Blastsparks       Fire/Tloc/Air  0%         2d10      83%         3
 Cause Fear               Hex            0%         N/A       99%         4
 Fulminant Prism          Conj/Hex       0%         3d6       99%         4
 Iskenderun's Mystic Bla  Conj/Tloc      0%         2d3       99%         4
 Lee's Rapid Deconstruct  Erth           0%         3d4*      100%        5
 Discord                  Hex            0%         N/A       100%        8

Inventory:

Hand Weapons
 a - a +1 rapier (weapon) {short}
Missiles
 d - 2 throwing nets {=f!fthrowing}
 e - 4 boomerangs {throwing}
 h - 42 stones {throwing}
 n - 2 boomerangs of dispersal {=f!fthrowing}
 t - 9 poisoned darts (quivered) {throwing}
Armour
 b - a +0 leather armour (worn)
 c - a +0 helmet (worn)
 f - a +0 leather armour
   (You found it on level 1 of the Dungeon)
 j - a +0 scale mail
   (You found it on level 1 of the Dungeon)
 l - a +0 chain mail
   (You found it on level 1 of the Dungeon)
 o - a +0 robe
   (You found it on level 4 of the Dungeon)
 p - a +0 ring mail
   (You found it on level 1 of the Dungeon)
 u - a +0 pair of gloves (worn)
   (You found it on level 2 of the Dungeon)
 v - a +0 robe
   (You took it off an orc wizard on level 2 of the Dungeon)
 w - a +0 scale mail
   (You took it off an orc on level 2 of the Dungeon)
 x - a +0 leather armour
   (You took it off an orc on level 3 of the Dungeon)
 y - a +0 robe
   (You took it off an orc wizard on level 3 of the Dungeon)
 A - a +0 ring mail
   (You found it on level 4 of the Dungeon)
 B - a +0 chain mail
   (You found it on level 3 of the Dungeon)
 D - a +0 leather armour
   (You took it off an orc on level 5 of the Dungeon)
 E - a +0 leather armour
   (You took it off an orc on level 3 of the Dungeon)
 F - a +0 scale mail
   (You took it off an orc on level 3 of the Dungeon)
 G - a +0 leather armour
   (You took it off an orc priest on level 3 of the Dungeon)
 H - a +0 robe
   (You took it off an orc wizard on level 3 of the Dungeon)
 I - a +0 robe
   (You took it off Sigmund on level 3 of the Dungeon)
 J - a +0 robe
   (You took it off an orc wizard on level 3 of the Dungeon)
 K - a +0 chain mail
   (You took it off an orc on level 5 of the Dungeon)
Jewellery
 g - a ring of willpower (left hand)
   (You found it on level 2 of the Dungeon)
 L - a +4 ring of protection (right hand)
   (You found it on level 5 of the Dungeon)
Scrolls
 i - a scroll of blinking {!r}
 r - 3 scrolls of teleportation {@r4}
 s - 2 scrolls of poison {!r}
Potions
 k - 3 potions of flight
 m - 4 potions of curing {@q1}
 q - 2 potions of attraction {unknown}
 z - 2 potions of cancellation

Dungeon Overview and Level Annotations

Branches:
Dungeon (5/15) Zot: 25838
 Temple: D:4-7

Altars:
Ashenzari
Dithmenos
Elyvilon
Gozag
Hepliaklqana
Kikubaaqudgha
Makhleb
Ru
Sif Muna
Trog
Yredelemnul

Annotations:
D:4 Dowan, Duvessa

##.....# ##...
#..###.## #...
#.## #..# #...
#.# ##.# #... #.#
#.## #..# #.#
#..# #... #.#
##.# #... #.#
###.# ##... #@#
##..># ##....
#e###....# #.....
##e......##
#..### ##.......#
#### #........##
##.........##
#...........##
#............##
#........)....###


You could see Duvessa and Dowan.


Message History

The poisoned dart {throwing} hits Duvessa.
Dowan gestures at you while chanting. You resist with almost no effort.
Unknown command.
You throw a poisoned dart {throwing}.
The poisoned dart {throwing} barely misses Duvessa.
Dowan gestures at Duvessa while chanting.
Duvessa seems to speed up.
Unknown command.
Duvessa attacks as you move away!
Duvessa hits you with a +0 rapier of draining!
You feel drained.
Duvessa says, "My weaknesses are his strengths!"
Duvessa hits you with a +0 rapier of draining!
You feel drained. Duvessa barely misses you. Duvessa attacks as you move away!
Duvessa hits you with a +0 rapier of draining.
You feel drained.
Duvessa hits you with a +0 rapier of draining.
* * * LOW HITPOINT WARNING * * *
You feel drained.
* * * LOW HITPOINT WARNING * * *
Duvessa attacks as you move away! Duvessa barely misses you.
Unknown command.
Duvessa says, "Where magic fails, the sword succeeds!"
Duvessa hits you with a +0 rapier of draining!
* * * LOW HITPOINT WARNING * * *
You feel drained.
* * * LOW HITPOINT WARNING * * *
There is a stone staircase leading up here.
Unknown command.
Duvessa closely misses you.
You climb upwards.
There is a stone staircase leading down here.
Unknown command.
Unknown command.
You start resting.
Unknown command.
Unknown command.
You climb downwards.
Level annotation: Dowan, Duvessa Duvessa barely misses you.
Duvessa hits you with a +0 rapier of draining.
You feel drained.
There is a stone staircase leading up, spattered with blood here.
Danger!
Unknown command.
Dowan hits you but does no damage. Duvessa hits you but does no damage.
You feel drained.
You climb upwards.
There is a stone staircase leading down here.
Unknown command.
Unknown command.
Dowan barely misses you.
Dowan points at you and mumbles some strange words.
The puff of flame misses you. Dowan attacks as you move away! Dowan misses you.
Duvessa attacks as you move away! Duvessa hits you but does no damage.
You feel drained.
Dowan points at you and mumbles some strange words.
You resist with almost no effort. Duvessa attacks as you move away!
Duvessa misses you.
Unknown command.
Duvessa attacks as you move away!
Duvessa hits you with a +0 rapier of draining.
You feel drained.
Okay, then.
Unknown command.
Unknown command.
You hit Duvessa.
Duvessa hits you with a +0 rapier of draining.
You feel drained.
You hit Duvessa but do no damage. You hit Duvessa. Duvessa closely misses you.
Unknown command.
You puncture Duvessa!
Duvessa hits you with a +0 rapier of draining!
You feel drained.
Dowan mumbles some strange words.
Dowan blinks!
You hit Duvessa.
Duvessa hits you with a +0 rapier of draining.
* * * LOW HITPOINT WARNING * * *
You feel drained.
* * * LOW HITPOINT WARNING * * *
Unknown command.
You hit Duvessa. Duvessa misses you.
Unknown command.
Unknown command.
You closely miss Duvessa.
Unknown command.
Unknown command.
You barely miss Duvessa. Duvessa hits you but does no damage.
You feel drained.
You hit Duvessa but do no damage.
Duvessa hits you with a +0 rapier of draining!
* * * LOW HITPOINT WARNING * * *
You feel drained.
You die...

Skill      XL: |  1  2  3  4  5  6  7 |
---------------+----------------------+-----
Throwing       | 3 |  3.0
Stealth        | 2 4 5 6 |  6.5
Short Blades   | 6 7 |  7.9
Dodging        | 5 |  5.0
Armour         | 1 |  1.0
Fighting       | 3 |  3.7

Action                   |  1- 3 |  4- 6 |  7- 9 || total
-------------------------+-------+-------+-------++-------
Melee: Rapier            |    85 |   146 |   112 ||   343
       Punch             |       |     2 |       ||     2
Throw: Boomerang         |       |     5 |     6 ||    11
       Throwing net      |       |     2 |       ||     2
       Dart              |       |       |     2 ||     2
  Use: Potion            |       |     2 |       ||     2
       Scroll            |       |       |    13 ||    13
 Stab: Sleeping          |     6 |     6 |     9 ||    21
       Distracted        |       |     1 |       ||     1
       Held in net/web   |       |     2 |       ||     2
Armor: Leather armour    |    22 |    33 |    16 ||    71
Dodge: Dodged            |    79 |   111 |    63 ||   253

Levels and vault maps discovered:
D:1:      saegor_arrival_simple_b, layout_basic, minmay_tetromino_s4
D:2:      layout_rooms, basic_altar, chequers_ecumenical_altar_simple_redux
D:3:      layout_loops_ring, uniq_sigmund
D:4:      layout_layer_cave, nzn_hepliaklqana_mist_gate, minitemple,
          serial_bayou_pond_e
D:5:      layout_gridville, uniq_duvessa

Notes
Turn   | Place    | Note
-------+----------+-------------------------------------------
     0 | D:1      | Sobieck the Kobold Gladiator began the quest for the Orb.
     0 | D:1      | Reached XP level 1. HP: 12/12 MP: 1/1
    63 | D:1      | Reached XP level 2. HP: 17/17 MP: 2/2
    91 | D:1      | Reached skill level 3 in Throwing
    94 | D:1      | Reached skill level 1 in Stealth
   249 | D:1      | Reached skill level 2 in Stealth
   294 | D:1      | Reached XP level 3. HP: 21/21 MP: 3/3
   323 | D:1      | Reached skill level 3 in Stealth
   763 | D:2      | Reached skill level 4 in Stealth
   763 | D:2      | Reached XP level 4. HP: 26/26 MP: 4/4
   794 | D:2      | Reached skill level 5 in Stealth
   815 | D:2      | Reached XP level 5. HP: 24/30 MP: 5/5
   945 | D:2      | You pick up a book of Hexes and begin reading...
   945 | D:2      | You add the spells Inner Flame, Cause Fear and Discord to
                  | your library.
  1138 | D:2      | Found a burning altar of Makhleb.
  1166 | D:2      | Found a faded altar of an unknown god.
  1174 | D:2      | Reached skill level 5 in Short Blades
  1518 | D:3      | Reached skill level 6 in Short Blades
  1562 | D:2      | Reached XP level 6. HP: 33/35 MP: 6/6
  1711 | D:3      | Reached skill level 7 in Short Blades
  1717 | D:3      | Noticed an ogre
  1730 | D:3      | Killed an ogre
  1975 | D:3      | You pick up a book of Blasting and begin reading...
  1975 | D:3      | You add the spells Kindle Blastsparks, Fulminant Prism,
                  | Iskenderun's Mystic Blast and Lee's Rapid Deconstruction to
                  | your library.
  2017 | D:3      | Noticed Sigmund
  2051 | D:3      | Reached XP level 7. HP: 40/40 MP: 7/7
  2052 | D:3      | Reached skill level 4 in Dodging
  2055 | D:3      | Reached skill level 1 in Armour
  2090 | D:3      | Killed Sigmund
  2091 | D:3      | Reached skill level 3 in Fighting
  2205 | D:3      | Reached skill level 6 in Stealth
  2985 | D:4      | Found a basalt altar of Yredelemnul.
  2985 | D:4      | Found a shimmering blue altar of Sif Muna.
  2988 | D:4      | Found a sacrificial altar of Ru.
  2989 | D:4      | Found an opulent altar of Gozag.
  2992 | D:4      | Found a broken altar of Ashenzari.
  2992 | D:4      | Found a bloodstained altar of Trog.
  2992 | D:4      | Found a shadowy altar of Dithmenos.
  2993 | D:4      | Found a white marble altar of Elyvilon.
  2994 | D:4      | Found an ancient bone altar of Kikubaaqudgha.
  3457 | D:4      | Found a hazy altar of Hepliaklqana.
  3597 | D:5      | Entered Level 5 of the Dungeon
  3913 | D:5      | Reached skill level 5 in Dodging
  3913 | D:5      | Reached XP level 8. HP: 46/48 MP: 8/8
  4026 | D:5      | Noticed Duvessa
  4028 | D:5      | Noticed Dowan
  4186 | D:4      | HP: 2/30 [Duvessa/+0 rapier of draining (10)]
  4186 | D:4      | Slain by Duvessa

Vanquished Creatures
  Sigmund (D:3)
  An ogre (D:3)
  A phantom (D:5)
  A jelly (D:2)
  2 orc priests (D:3)
  A hound (D:5)
  An iguana (D:5)
  4 orc wizards
  8 adders
  4 gnolls (D:2)
  A worm (D:2)
  A dart slug (D:1)
  18 orcs
  6 ball pythons
  10 endoplasms
  A giant cockroach (D:4)
  11 goblins
  8 hobgoblins
  12 jackals
  3 quokkas
  3 bats
  3 frilled lizards
  5 kobolds
  3 rats
109 creatures vanquished.

Table legend:
 A = Non-vault XP
 B = Vault XP
 C = Vault XP percentage of total XP
 D = Non-vault monster count
 E = Vault monster count
 F = Vault count percentage of total count
                 A         B        C        D         E       F
            +---------+---------+-------+---------+---------+-------
      Total |     902 |     218 |  19.5 |     106 |       3 |   2.8
            +---------+---------+-------+---------+---------+-------
        D:1 |      52 |       4 |   7.1 |      28 |       2 |   6.7
        D:2 |     239 |       0 |   0.0 |      31 |       0 |   0.0
        D:3 |     357 |     214 |  37.5 |      26 |       1 |   3.7
        D:4 |      50 |       0 |   0.0 |      12 |       0 |   0.0
        D:5 |     204 |       0 |   0.0 |       9 |       0 |   0.0
            +---------+---------+-------+---------+---------+-------

Illustrated notes

Table legend:
 A = Kills in this place as a percentage of kills in entire the game.
 B = Kills by you in this place as a percentage of kills by you in the entire game.
 C = Kills by friends in this place as a percentage of kills by friends in the entire game.
 D = Other kills in this place as a percentage of other kills in the entire game.
 E = Experience gained in this place as a percentage of experience gained in the entire game.
 F = Experience gained in this place divided by the number of levels of this place that you have seen.
                   A       B       C       D       E      F
               +-------+-------+-------+-------+-------+----------------------
         Total | 100.0 | 100.0 |   N/A |   N/A | 100.0 | 224.0
       Dungeon | 100.0 | 100.0 |   N/A |   N/A | 100.0 | 224.0
               +-------+-------+-------+-------+-------+----------------------

Table legend: (Time is in decaauts)
 A = Elapsed time spent in this place.
 B = Non-inter-level travel time spent in this place.
 C = Inter-level travel time spent in this place.
 D = Time resting spent in this place.
 E = Time spent auto-exploring this place.
 F = Levels seen in this place.
 G = Mean time per level.
                   A        B        C        D        E       F      G
               +--------+--------+--------+--------+--------+-----+--------+
         Total |   4161 |   4039 |    122 |    382 |   2850 |   5 |  832.2 |
       Dungeon |   4161 |   4039 |    122 |    382 |   2850 |   5 |  832.2 |
               +--------+--------+--------+--------+--------+-----+--------+

Top non-repeatable levels by time:
     D:4: 1186 daAuts
     D:3: 921 daAuts
     D:2: 836 daAuts
     D:1: 759 daAuts
     D:5: 457 daAuts
